 Dungeon Crawl Stone Soup version 0.29.1-2-gbd0b4ee654 (webtiles) character file.

Game seed: 5770467974537577808

1394 qeuew the Covert (level 8, 0/39 HPs)
             Began as a Spriggan Brigand on Nov 3, 2022.
             Was an Initiate of Dithmenos.
             Slain by a gnoll
             ... wielding a +0 halberd
             ... led by a gnoll bouda
              (4 damage)
             ... on level 5 of the Dungeon.
             The game lasted 00:10:16 (5643 turns).

qeuew the Covert (Spriggan Brigand)                 Turns: 5643, Time: 00:10:16

Health: 0/39       AC:  4    Str:  7    XL:     8   Next: 41%
Magic:  9/9        EV: 20    Int: 13    God:    Dithmenos [......]
Gold:   182        SH:  0    Dex: 18    Spells: 7/7 levels left

rFire   . . .      SeeInvis +   f - +2 short sword (flame)
rCold   . . .      Faith    .   (no shield)
rNeg    . . .      Spirit   .   b - +0 robe
rPois   .          Reflect  .   (helmet restricted)
rElec   .          Harm     .   c - +1 cloak
rCorr   .          Rampage  .   (gloves unavailable)
Will    +....                   (boots unavailable)
Stlth   ++++......              (no amulet)
HPRegen 0.13/turn               (no ring)
MPRegen 0.11/turn               (no ring)

@: very quick
A: very small, no large weapons, unfitting armour, see invisible, speed 3
a: Renounce Religion


You were on level 5 of the Dungeon.
You worshipped Dithmenos.
Dithmenos was noncommittal.
You visited 2 branches of the dungeon, and saw 6 of its levels.

You collected 182 gold pieces.

Inventory:

Hand Weapons
 f - a +2 short sword of flaming (weapon)
 p - a +4 rapier
Missiles
 d - 3 poisoned darts (quivered)
 e - a curare-tipped dart
 i - a throwing net
Armour
 b - a +0 robe (worn)
 c - a +1 cloak (worn)
Scrolls
 a - 2 scrolls of identify
 g - a scroll of enchant armour
 o - 2 scrolls of teleportation
Potions
 h - 2 potions of degeneration {unknown}
 j - a potion of resistance
 k - a potion of haste


   Skills:
 + Level 2.6 Fighting
 * Level 6.9 Short Blades
 * Level 4.6 Throwing
 * Level 6.1 Dodging
 + Level 9.6 Stealth


You had 7 spell levels left.
You didn't know any spells.
Your spell library contained the following spells:

 Spells                   Type           Power      Damage    Failure   Level
 Freeze                   Ice            0%         1d3       30%         1
 Sandblast                Erth           0%         2d4       30%         1
 Slow                     Hex            0%         N/A       30%         1
 Passwall                 Tmut/Erth      0%         N/A       43%         2
 Poisonous Vapours        Pois/Air       0%         N/A       43%         2
 Confusing Touch          Hex            0%         N/A       67%         3
 Frozen Ramparts          Ice            0%         1d1       67%         3
 Stone Arrow              Conj/Erth      0%         3d7       67%         3
 Vampiric Draining        Necr           0%         2d6       67%         3
 Animate Armour           Summ/Erth      0%         N/A       97%         4
 Corpse Rot               Necr/Pois/Air  0%         N/A       97%         4
 Hailstorm                Conj/Ice       0%         3d3       97%         4
 Lehudib's Crystal Spear  Conj/Erth      0%         10d2      100%        8


Dungeon Overview and Level Annotations

Branches:
Dungeon (5/15)             Temple (1/1) D:5

Altars:
Ashenzari
Dithmenos
Elyvilon
Fedhas
Hepliaklqana
Kikubaaqudgha
Makhleb
Nemelex Xobeh
Okawaru
Qazlal
Ru
Sif Muna
Uskayaw
Wu Jian
Xom
Yredelemnul
Zin
The Shining One

Shops:
D:1 ==*   D:2 [(=:   D:5 *

Annotations:
D:3 1 runed translucent door, Crazy Yiuf
D:5 1 runed translucent door, Nerdsrcool's ghost, amateur FeCj


Innate Abilities, Weirdness & Mutations

You are very small and have problems with some larger weapons.
You are too small for most types of armour.
You have supernaturally acute eyesight. (SInv)
You cover ground extremely quickly. (Speed+++)


Message History

The gnoll looks as sick as possible!
The gnoll is severely wounded.
The gnoll closely misses you.
You throw a poisoned dart.
The poisoned dart barely misses the gnoll.
The gnoll barely misses you. The gnoll closely misses you.
Unknown command.
The gnoll is no longer moving quickly.
You kill the gnoll!
Dithmenos accepts your kill.
You closely miss the gnoll.
The gnoll is heavily wounded.
The gnoll completely misses you. The gnoll barely misses you.
You hit the gnoll. You burn the gnoll.
The gnoll is severely wounded.
You kill the gnoll!
Dithmenos accepts your kill.
You see here a +0 flail.
You hit the gnoll. You burn the gnoll.
The gnoll is moderately wounded.
The gnoll barely misses you. x2
You hit the gnoll. You burn the gnoll.
The gnoll is heavily wounded.
The gnoll hits you from afar with a +0 halberd!
* * * LOW HITPOINT WARNING * * *
The gnoll completely misses you.
You hit the gnoll. You burn the gnoll.
You kill the gnoll!
Dithmenos accepts your kill.
The gnoll bouda barks out a call to the hunt!
The gnolls pick up the pace!
The gnoll misses you.
Unknown command.
The gnoll hits you from afar with a +0 halberd.
* * * LOW HITPOINT WARNING * * *
For a moment, Nerdsrcool's ghost blends into the shadows.
Okay, then.
You see here a +0 giant club.
The gnoll hits you from afar with a +0 halberd.
You die...

#####... #####...#...
#...'....... # ## #####
#.###...#### #.#... #...#
#.# #...# #...#
#########...####รท# #####
..#.# ..#........>(....#
.#..###.#..............#
##....#.#......)@......#
#..^..#.#...).........)#
......#.#....))g######.###
.#............).........>#
#.....##?...........####<#
#.....###.##.........###.#
#.....#.........###...##.#
##....#.#.##...##W##...#.#
##.####.#.....##...##....#


You could see a gnoll (swift).

Vanquished Creatures
  Grinder (D:5)
  Menkaure (D:5)
  A centaur (D:5)
  2 ogres (D:5)
  A phantom (D:4)
  3 scorpions
  A howler monkey (D:5)
  3 hounds (D:4)
  2 orc priests (D:4)
  Terence (D:2)
  Ijyb (D:3)
  3 iguanas
  Natasha (thrice) (D:3)
  6 gnolls
  3 adders
  A worm (D:4)
  3 dart slugs
  9 orcs
  4 bats
  6 endoplasms
  2 giant cockroaches (D:2)
  10 goblins
  5 hobgoblins
  3 jackals (D:3)
  3 quokkas
  8 ball pythons
  4 frilled lizards
  6 kobolds
  6 rats
102 creatures vanquished.

Vanquished Creatures (others)
  A scorpion (D:5)
1 creature vanquished.

Grand Total: 103 creatures vanquished

Notes
Turn   | Place    | Note
-------+----------+-------------------------------------------
     0 | D:1      | qeuew the Spriggan Brigand began the quest for the Orb.
     0 | D:1      | Reached XP level 1. HP: 10/10 MP: 2/2
    18 | D:1      | Reached skill level 6 in Stealth
    20 | D:1      | Found Pestiaw's Jewellery Emporium.
    62 | D:1      | Reached XP level 2. HP: 12/14 MP: 3/3
   406 | D:1      | Found Pawniok's General Store.
   542 | D:1      | Found a faded altar of an unknown god.
   547 | D:1      | Found Viarits's Jewellery Emporium.
   638 | D:2      | Found Tihah's Weapon Shoppe.
   711 | D:2      | Found Mohujoac's Armour Shop.
   724 | D:2      | Noticed Terence
   728 | D:2      | Killed Terence
   729 | D:2      | Reached skill level 7 in Stealth
   729 | D:2      | Reached XP level 3. HP: 18/18 MP: 4/4
   880 | D:2      | Found Fitois's Book Boutique.
   947 | D:2      | Reached XP level 4. HP: 23/23 MP: 5/5
   977 | D:2      | Found Wiwou's Jewellery Emporium.
  1653 | D:3      | Noticed Natasha
  1654 | D:3      | Killed Natasha
  1663 | D:3      | Reached XP level 5. HP: 18/26 MP: 6/6
  1887 | D:3      | Found a broken altar of Ashenzari.
  1921 | D:3      | Found a runed translucent door.
  1922 | D:3      | Noticed Crazy Yiuf
  1942 | D:3      | Noticed Ijyb
  1969 | D:3      | Killed Ijyb
  2346 | D:3      | Noticed Natasha
  2357 | D:3      | Killed Natasha
  2358 | D:3      | Reached skill level 8 in Stealth
  2702 | D:3      | Noticed a +0 short sword
  2702 | D:3      | Noticed a +0 dagger
  2704 | D:3      | Noticed a +0 falchion
  2704 | D:3      | Noticed a +0 short sword
  2705 | D:3      | Noticed a +0 spear
  2705 | D:3      | Noticed a +0 falchion
  2705 | D:3      | Noticed a +0 spear
  2705 | D:3      | Noticed a +0 dagger
  2707 | D:3      | Found a hide-covered altar of Uskayaw.
  2731 | D:3      | Noticed Natasha
  2744 | D:3      | Killed Natasha
  3229 | D:4      | Reached XP level 6. HP: 29/30 MP: 7/7
  3820 | D:4      | Reached XP level 7. HP: 35/35 MP: 8/8
  3900 | D:4      | Found a glowing silver altar of Zin.
  4571 | D:5      | Entered Level 5 of the Dungeon
  4580 | D:5      | Reached skill level 5 in Short Blades
  4600 | D:5      | Noticed Menkaure
  4610 | D:5      | Killed Menkaure
  4624 | D:5      | Noticed Grinder
  4637 | D:4      | Reached skill level 5 in Dodging
  4637 | D:4      | Reached skill level 9 in Stealth
  4949 | D:5      | Found a staircase to the Ecumenical Temple.
  4955 | Temple   | Entered the Ecumenical Temple
  5001 | Temple   | Became a worshipper of Dithmenos the Shadowed
  5064 | D:5      | Killed Grinder
  5065 | D:5      | Reached XP level 8. HP: 25/39 MP: 9/9
  5409 | D:5      | Noticed Nerdsrcool's ghost (amateur FeCj)
  5574 | D:5      | Found a runed translucent door.
  5585 | D:5      | Found Suptuh's Overcharged Wands.
  5643 | D:5      | Slain by a gnoll

Illustrated notes

Levels and vault maps discovered:
D:1:      scummos_arrival_checkerplants, layout_rooms, serial_shops, shop,
          nicolae_shop_advertising_works [nicolae_subvault_shop_adworks],
          nicolae_shop_temple_entry_statues_fountains,
          dreamdust_ecumenical_altar_statues
D:2:      minmay_chambers_of_ones, layout_basic, serial_shops,
          nicolae_shop_crystal, nicolae_shop_bloodbath_and_beyond,
          nicolae_shop_trees, shop, st_stairs_4, uniq_terence
D:3:      layout_rooms, nicolae_uskayaw_en_pointe,
          ashenzari_conservatory_becter, uniq_crazy_yiuf_cottage, uniq_natasha,
          uniq_ijyb
D:4:      layout_layer_cave, mainiacjoe_overflow_alcove_1, minmay_surrounded
D:5:      layout_basic, minmay_temple_entry_wispy,
          hellmonk_ghost_happy_afterlife, nicolae_shop_overcharged_wands,
          uniq_menkaure, uniq_grinder
Temple:   eino_wide_crystal_templ

Skill      XL: |  1  2  3  4  5  6  7  8 |
---------------+-------------------------+-----
Stealth        | 6 7 8 9 |  9.6
Dodging        | 2 3 4 5 6 |  6.1
Short Blades   | 3 4 6 |  6.9
Throwing       | 3 4 |  4.6
Fighting       | 2 |  2.6

Action                   |  1- 3 |  4- 6 |  7- 9 || total
-------------------------+-------+-------+-------++-------
Melee: Dagger            |    38 |       |       ||    38
       Short sword       |    20 |   162 |    90 ||   272
       Punch             |       |     2 |     2 ||     4
Throw: Dart              |       |     5 |    22 ||    27
       Throwing net      |       |       |     1 ||     1
  Use: Scroll            |     3 |     5 |     4 ||    12
       Potion            |     1 |     6 |     3 ||    10
 Stab: Sleeping          |    14 |    12 |     4 ||    30
       Distracted        |       |     1 |     1 ||     2
Armor: Robe              |     5 |    12 |     6 ||    23
Dodge: Dodged            |    44 |   114 |    86 ||   244
